 Dungeon Crawl Stone Soup version 0.30.0-19-g36f170ea60 (webtiles) character file.

Game seed: 5131510426679697707

24360 KittyFluff the Basher (level 13, 0/80 HPs)
             Began as a Gargoyle Berserker on May 25, 2023.
             Was the Champion of Trog.
             Killed from afar by a lich (32 damage)
             ... with a bolt of cold
             ... on level 1 of the Abyss on May 26, 2023.
             The game lasted 01:16:02 (15315 turns).

KittyFluff the Basher (Gargoyle Berserker)         Turns: 15315, Time: 01:16:02

Health: 0/80       AC: 25    Str: 20    XL:     13   Next: 12%
Magic:  13/13      EV: 19    Int: 10    God:    Trog [******]
Gold:   915        SH:  4    Dex: 13    Spells: 12/12 levels left

rFire   . . .        E - +1 hammer of Amorality {heavy, Will+}
rCold   . . .        X - +0 buckler
rNeg    + . .        V - +0 troll leather armour
rPois   ∞            l - +2 helmet
rElec   +            D - +0 cloak
rCorr   .            a - +0 pair of gloves
SInv    +            I - +2 pair of boots
Will    +....        (no amulet)
Stlth   +++          Y - ring of the Majestic Lemon {Slay+3 SInv Stlth+}
HPRegen 1.13/turn    M - +5 ring of evasion
MPRegen 0.13/turn

%: no passive effects
@: no status effects
A: sickness immunity, AC +9, negative energy resistance 1, electricity
resistance, torment resistance 1, petrification resistance
a: Renounce Religion, Berserk, Trog's Hand, Brothers in Arms


You were on level 1 of the Abyss.
You worshipped Trog.
Trog was exalted by your worship.
You visited 2 branches of the dungeon, and saw 13 of its levels.
You visited the Abyss 1 time.

You collected 985 gold pieces.
You spent 70 gold pieces at shops.

Inventory:

Hand Weapons
 g - the +7 flail of Fortitude {spect, Drain rPois rCorr Str+4}
   (You found it on level 8 of the Dungeon)

   Str:       It affects your strength (+4).
   rPois:     It protects you from poison.
   rCorr:     It protects you from acid and corrosion.
   Drain:     It drains your maximum health when unequipped.
 q - a +5 flail
 v - the +4 falchion of the Pariah {protect, Contam +Blink rC+ Dex+2}
   (You found it on level 5 of the Dungeon)

   Dex:       It affects your dexterity (+2).
   rC:        It protects you from cold.
   +Blink:    It lets you blink.
   Contam:    It causes magical contamination when unequipped.
 z - a +5 morningstar
 A - a +0 sling
 E - the +1 hammer of Amorality (weapon) {heavy, Will+}
   (You found it on level 7 of the Dungeon)

   Will:      It increases your willpower.
 H - a +4 antimagic great mace
Missiles
 n - a throwing net
 o - 5 javelins
 w - 11 boomerangs (quivered)
 B - 5 atropa-tipped darts
 Q - 11 poisoned darts
Armour
 a - a +0 pair of gloves (worn)
 l - a +2 helmet (worn)
 x - +0 steam dragon scales
 D - a +0 cloak (worn)
 I - a +2 pair of boots (worn)
 S - a +2 robe of cold resistance
 V - a +0 troll leather armour (worn)
 X - a +0 buckler (worn)
Jewellery
 i - a ring of protection from cold
 s - a ring of protection from fire
 M - a +5 ring of evasion (right hand)
 Y - the ring of the Majestic Lemon (left hand) {Slay+3 SInv Stlth+}
   (You found it on level 2 of the Lair of Beasts)

   [ring of see invisible]

   Slay:      It affects your accuracy & damage with ranged weapons and melee
   (+3).
   SInv:      It lets you see invisible.
   Stlth:     It makes you more stealthy.
Wands
 d - a wand of mindburst (20)
 j - a wand of roots (8)
 C - a wand of flame (54)
 R - a wand of polymorph (7)
Scrolls
 c - 3 scrolls of fear {unknown}
 h - a scroll of magic mapping {unknown}
 m - 4 scrolls of blinking {unknown}
 p - 6 scrolls of amnesia {unknown}
 r - 6 scrolls of teleportation {unknown}
 u - 3 scrolls of vulnerability {unknown}
 y - a scroll of enchant armour
 L - 2 scrolls of poison
 O - a scroll of silence
 W - a scroll of enchant weapon {unknown}
Potions
 b - 2 potions of resistance
 e - 3 potions of flight
 f - 5 potions of attraction
 k - 9 potions of curing
 t - 4 potions of mutation
 F - a potion of invisibility
 G - a potion of magic
 J - 2 potions of haste
 K - a potion of might
 N - a potion of cancellation
 P - a potion of ambrosia
 T - a potion of heal wounds
 U - a potion of lignification
Miscellaneous
 Z - a lightning rod (4/4)


   Skills:
 + Level 9.3 Fighting
 * Level 14.8 Maces & Flails
 + Level 1.9 Throwing
 * Level 10.6 Armour
 + Level 8.2 Dodging
 + Level 4.4 Stealth
 + Level 1.4 Shields


You had 12 spell levels left.
You didn't know any spells.
Your spell library was empty.

Dungeon Overview and Level Annotations

Branches:
Dungeon (10/15)            Temple (0/1) D:7            Lair (3/5) D:10
  Swamp (0/4) Lair:3       Spider (0/4) Lair:2          Orc (0/2) D:9

Altars:
Ashenzari
Dithmenos
Fedhas
Sif Muna
Trog
Uskayaw
Vehumet
Xom
Yredelemnul
The Shining One

Shops:
D:4 ?

Annotations:
Lair:3 Sonja


Innate Abilities, Weirdness & Mutations

You are immune to sickness and miasma.
Your stone body is resilient. (AC +9)
You are immune to poison.
You resist negative energy. (rN+)
You are resistant to electric shocks. (rElec)
You are resistant to unholy torment.
You are immune to petrification.


Message History

A tentacled starspawn comes into view.
A small abomination comes into view.
You catch the helpless small abomination completely off-guard!
You sock the small abomination!
The small abomination is moderately damaged.
The small abomination closely misses you.
You sock the small abomination!
The small abomination is severely damaged.
The small abomination misses you.
You sock the small abomination!
You destroy the small abomination!
Trog accepts your kill.
A tentacle flies out from the starspawn's body!
An ancient zyme comes into view.
A starspawn tentacle comes into view.
A bone dragon comes into view.
Tentacles burst from the starspawn's body! 2 starspawn tentacles come into view.
A starcursed mass comes into view.
A lich comes into view.
The lich shouts!
The lich casts a spell.
The lich seems to speed up.
The lich points at you and mumbles some strange words.
The bolt of cold hits you!!!
Ouch! That really hurt!
The lich points at you and mumbles some strange words.
You resist with significant effort.
Found a gateway leading out of the Abyss.
A tentacled starspawn comes into view.
The lich touches you but does no damage.
The lich points at you and mumbles some strange words.
The bolt of cold hits you! The lich attacks as you move away!
The lich misses you. The lich attacks as you move away!
The lich barely misses you.
The lich touches you but does no damage.
There is a gateway leading out of the Abyss here.
The lich casts a spell at you. The bolt of cold hits you!!
You die...

.#. .# ..#.. #....# .#
# #.#. #.##.##.##
......# # .##..
#.......# #### .#.
#....## ...##...
#....#...###§§.#...#..#
#..... ..##..#.. ....
#..####.####...#.#...#.
#.#. #.L##....###LX #
#..@...#..# ..#.#
##.#....#.. ##
...#..#.# #.##...#...#
# .#..#..# . #.. ..# #.
## ... .. .##


You could see a lich (fast).

Vanquished Creatures
  The ghost of Cheops the Covert, a journeyman AtEE of Uskayaw (Lair:1)
  A boulder beetle (Lair:2)
  A two-headed ogre (D:10)
  2 bog bodies (Lair:2)
  9 elephants (Lair:3)
  Joseph (D:7)
  A black mamba (Lair:3)
  3 cane toads (Lair:2)
  A gargoyle (D:10)
  Psyche (D:10)
  2 rime drakes
  5 komodo dragons
  2 trolls (D:10)
  A hornet (D:9)
  5 blink frogs (Lair:1)
  2 shadows
  31 yaks
  2 wyverns
  6 steam dragons
  3 redbacks (Lair:2)
  7 water moccasins
  Duvessa (D:7)
  2 orc warriors
  A sky beast (D:4)
  An ice beast (D:5)
  2 black bears (D:4)
  3 ogres
  A centaur (D:8)
  9 wolves
  A kobold brigand (D:9)
  A gnoll sergeant (D:10)
  8 bullfrogs
  3 necrophages (D:6)
  A wyvern zombie (D:6)
  3 scorpions
  A water moccasin zombie (D:6)
  19 wights
  Dowan (D:7)
  7 killer bees
  7 howler monkeys
  6 electric eels
  4 centaur zombies
  A bullfrog zombie (D:6)
  8 hounds
  A jelly (D:6)
  4 orc priests
  A human zombie (D:6)
  2 sleepcaps
  Crazy Yiuf (D:7)
  3 iguanas
  13 orc wizards
  A small abomination (Abyss:1)
  6 killer bee zombies
  2 mummies (D:6)
  A howler monkey zombie (D:7)
  8 gnolls
  8 adders
  A shadow imp (D:6)
  2 white imps
  An ufetubus (D:4)
  2 worms
  68 orcs
  7 bats
  8 endoplasms
  5 giant cockroaches
  17 goblins
  10 hobgoblins
  A jackal (D:3)
  7 kobolds
  3 quokkas
  8 ball pythons
  9 frilled lizards
  7 rats
385 creatures vanquished.

Vanquished Creatures (others)
  A wight (D:7)
  A gnoll (D:6)
  4 starspawn tentacles (Abyss:1)
6 creatures vanquished.

Grand Total: 391 creatures vanquished

Notes
Turn   | Place    | Note
-------+----------+-------------------------------------------
     0 | D:1      | KittyFluff the Gargoyle Berserker began the quest for the
                  | Orb.
     0 | D:1      | Reached XP level 1. HP: 14/14 MP: 1/1
   165 | D:1      | Reached XP level 2. HP: 12/19 MP: 2/2
   745 | D:1      | Reached XP level 3. HP: 23/23 MP: 3/3
   892 | D:1      | Reached ** piety under Trog
  1501 | D:2      | Found a blossoming altar of Fedhas.
  1506 | D:2      | Reached XP level 4. HP: 23/28 MP: 4/4
  1843 | D:2      | Reached skill level 4 in Maces & Flails
  2250 | D:3      | Found a hide-covered altar of Uskayaw.
  2322 | D:3      | Noticed a water moccasin
  2347 | D:3      | Killed a water moccasin
  2348 | D:3      | Reached XP level 5. HP: 7/33 MP: 5/5
  2474 | D:3      | Reached XP level 6. HP: 38/38 MP: 6/6
  2478 | D:3      | Reached skill level 5 in Maces & Flails
  2632 | D:3      | Found a faded altar of an unknown god.
  2738 | D:3      | Found a glowing golden altar of the Shining One.
  3257 | D:3      | Reached *** piety under Trog
  3345 | D:3      | Found a shadowy altar of Dithmenos.
  3704 | D:4      | Found a bloodstained altar of Trog.
  3704 | D:4      | Noticed a black bear
  3704 | D:4      | Noticed a black bear
  3712 | D:4      | Killed a black bear
  3715 | D:4      | Killed a black bear
  3716 | D:4      | Reached skill level 1 in Stealth
  3716 | D:4      | Reached XP level 7. HP: 43/43 MP: 7/7
  3942 | D:4      | Reached skill level 6 in Maces & Flails
  4291 | D:4      | Found Aseca's Magic Scroll Shoppe.
  4330 | D:4      | Bought a scroll of noise for 14 gold pieces
  4330 | D:4      | Bought a scroll of identify for 28 gold pieces
  4341 | D:4      | Bought a scroll of identify for 28 gold pieces
  4631 | D:4      | Reached skill level 7 in Maces & Flails
  4631 | D:4      | Reached XP level 8. HP: 48/48 MP: 8/8
  4886 | D:5      | Entered Level 5 of the Dungeon
  4930 | D:5      | Reached skill level 5 in Armour
  5106 | D:5      | Found a shimmering blue altar of Sif Muna.
  5270 | D:5      | Reached **** piety under Trog
  5287 | D:5      | Reached skill level 8 in Maces & Flails
  5361 | D:5      | Identified the +4 falchion of the Pariah {protect, Contam
                  | +Blink rC+ Dex+2}
  5588 | D:5      | Found a broken altar of Ashenzari.
  5747 | D:6      | Reached XP level 9. HP: 49/53 MP: 9/9
  5835 | D:6      | Reached skill level 9 in Maces & Flails
  6031 | D:6      | Found a basalt altar of Yredelemnul.
  6085 | D:6      | Reached skill level 5 in Fighting
  6611 | D:6      | Reached skill level 10 in Maces & Flails
  7439 | D:7      | Noticed Duvessa
  7439 | D:7      | Noticed Dowan
  7706 | D:7      | Reached XP level 10. HP: 58/60 MP: 10/10
  7737 | D:7      | Noticed Joseph
  7762 | D:7      | Killed Joseph
  7962 | D:7      | Found a staircase to the Ecumenical Temple.
  7982 | D:7      | Reached skill level 11 in Maces & Flails
  8027 | D:7      | Found a runed translucent door.
  8028 | D:7      | Noticed Crazy Yiuf
  8033 | D:7      | Killed Crazy Yiuf
  8033 | D:7      | Reached ***** piety under Trog
  8044 | D:7      | Identified the +1 hammer of Amorality {heavy, Will+}
  8310 | D:7      | Killed Duvessa
  8315 | D:7      | Reached skill level 5 in Dodging
  8716 | D:7      | Found a runed translucent door.
  8914 | D:7      | Killed Dowan
  9726 | D:8      | Identified the +7 flail of Fortitude {spect, Drain rPois
                  | rCorr Str+4}
  9775 | D:8      | Received a gift from Trog
 10080 | D:8      | Reached skill level 12 in Maces & Flails
 10083 | D:8      | Reached XP level 11. HP: 22/67 MP: 11/11
 10475 | D:8      | Found a radiant altar of Vehumet.
 10912 | D:9      | Found a staircase to the Orcish Mines.
 11288 | D:10     | Entered Level 10 of the Dungeon
 11387 | D:10     | Noticed Psyche
 11396 | D:10     | Killed Psyche
 11674 | D:10     | Noticed a two-headed ogre
 11683 | D:10     | Killed a two-headed ogre
 11913 | D:10     | Found a staircase to the Lair.
 12051 | D:10     | Found a blossoming altar of Fedhas.
 12058 | D:10     | Found a shimmering altar of Xom.
 12089 | D:10     | Reached skill level 13 in Maces & Flails
 12502 | D:10     | Upgraded the game from 0.30.0-18-gc0e69614cb to
                  | 0.30.0-19-g36f170ea60
 12511 | Lair:1   | Entered Level 1 of the Lair of Beasts
 13119 | Lair:1   | Reached XP level 12. HP: 62/73 MP: 12/12
 13237 | Lair:1   | Found a large runed translucent door.
 13238 | Lair:1   | Found a large runed translucent door.
 13239 | Lair:1   | Noticed Cheops's ghost (journeyman AtEE)
 13306 | Lair:1   | Killed Cheops's ghost
 13654 | Lair:2   | Reached skill level 14 in Maces & Flails
 13670 | Lair:2   | Found a hole to the Spider Nest.
 13687 | Lair:2   | Reached ****** piety under Trog
 13704 | Lair:2   | Noticed a boulder beetle
 13765 | Lair:2   | Killed a boulder beetle
 13799 | Lair:2   | Identified the ring of the Majestic Lemon {Slay+3 SInv
                  | Stlth+}
 14017 | Lair:2   | Reached skill level 1 in Throwing
 14084 | Lair:2   | Received a gift from Trog
 14265 | Lair:3   | Found a staircase to the Swamp.
 14488 | Lair:3   | Reached skill level 10 in Armour
 14712 | Lair:3   | Reached skill level 1 in Shields
 14917 | Lair:3   | Reached XP level 13. HP: 80/80 MP: 13/13
 15223 | Lair:3   | Noticed Sonja
 15237 | Abyss:1  | Cast into level 1 of the Abyss (Sonja)
 15269 | Abyss:1  | Noticed a tentacled starspawn
 15288 | Abyss:1  | Noticed a bone dragon
 15298 | Abyss:1  | Noticed a starcursed mass
 15299 | Abyss:1  | Noticed a lich
 15311 | Abyss:1  | Noticed a tentacled starspawn
 15315 | Abyss:1  | Killed from afar by a lich

Illustrated notes

Levels and vault maps discovered:
D:1:      beargit_arrival_diablo_church, layout_loops_ring,
          roderic_roman_lattice, minmay_tetromino_t2
D:2:      layout_basic, basic_altar, nicolae_eternal_life
D:3:      layout_basic, nicolae_tso_carved_into_rock,
          eat_drink_and_be_merry_uskayaw, nicolae_overflow_hidden_temple,
          chequers_ecumenical_altar_grove, minmay_misc_feat_x,
          minmay_three_crescents
D:4:      cheibrodos_greedy_goblins, layout_basic, trog_ov_bears_minmay,
          serial_shops, shop
D:5:      layout_rooms, lemuel_crystal_altar, lemuel_coloured_pillars_altar,
          hangedman_abyss_or_decor_passed
D:6:      kennysheep_steamy, layout_loops_ring,
          lemuel_mausoleum_altar_yredelemnul
D:7:      layout_basic, minmay_temple_entry_purple_smoke, serial_undead,
          serial_undead_c, serial_undead_c, serial_undead_c, serial_undead_a,
          serial_undead_f, serial_undead_f, serial_undead_c, serial_undead_f,
          serial_undead_f, serial_undead_d, lightli_church_of_beogh,
          uniq_joseph, uniq_crazy_yiuf_cottage, uniq_duvessa
D:8:      layout_cave_pods, lemuel_tele_altar, minmay_misc_feat_cross
D:9:      layout_roguey, david_orc_2
D:10:     layout_roguey, gammafunk_temple_overflow_pools, erik_lair_island,
          minmay_misc_feat_tower, uniq_psyche
Lair:1:   layout_misc_corridors, ebering_ghost_disaster_area
Lair:2:   layout_gridlike, spider_nest_entry_webs, grunt_megastairs_4,
          infiniplex_staircase_pool
Lair:3:   layout_cave_pods, skrybe_swamp_entry_bodies, guppyfry_lair_drakes,
          uniq_sonja
Abyss:1:  base:
Gauntlet

Skill      XL: |  1  2  3  4  5  6  7  8  9 10 11 12 13 |
---------------+----------------------------------------+-----
Dodging        | 2 3 4 5 6 7 8 |  8.2
Armour         | 3 4 5 6 8 9 10 | 10.6
Maces & Flails | 4 5 7 8 10 12 13 14 | 14.8
Fighting       | 4 5 7 9 |  9.3
Stealth        | 1 2 3 4 |  4.4
Throwing       | 1 |  1.9
Shields        | 1 |  1.4

Action                     |  1- 3 |  4- 6 |  7- 9 | 10-12 | 13-15 || total
---------------------------+-------+-------+-------+-------+-------++-------
  Melee: Mace              |   120 |   167 |   587 |   910 |    62 ||  1846
         Punch             |       |       |     9 |    10 |       ||    19
         Flail             |       |       |       |     2 |       ||     2
  Throw: Boomerang         |       |       |       |    24 |     1 ||    25
 Invoke: Berserk           |       |     2 |     2 |     2 |       ||     6
    Use: Scroll            |       |       |     8 |    10 |       ||    18
         Potion            |       |       |       |     3 |       ||     3
   Stab: Sleeping          |       |       |     4 |     2 |       ||     6
         Distracted        |       |       |       |       |     1 ||     1
 Armour: Animal skin       |    23 |       |       |       |       ||    23
         Leather armour    |    18 |    98 |   202 |       |       ||   318
         Steam dragon scal |       |       |    41 |   238 |       ||   279
         Troll leather arm |       |       |       |   178 |    10 ||   188
  Dodge: Dodged            |    85 |   132 |   319 |   804 |    35 ||  1375
  Block: Buckler           |       |       |       |    29 |     6 ||    35
